 Dungeon Crawl Stone Soup version 0.21.1-1-g345015fe64 (webtiles) character file.

635121 Lokiki the Orcish Barricade (level 27, -2/256 HPs)
             Began as a Hill Orc Fighter on July 15, 2018.
             Was the Champion of Qazlal.
             Killed from afar by a storm dragon (13 damage)
             ... with a bolt of lightning
             ... on level 1 of the Realm of Zot on July 16, 2018.
             The game lasted 03:38:20 (51434 turns).

Lokiki the Orcish Barricade (Hill Orc Fighter)     Turns: 51434, Time: 03:38:20

Health: -2/256     AC: 39    Str: 30    XL:     27
Magic:  49/49      EV: 11    Int:  9    God:    Qazlal [******]
Gold:   3037       SH: 46    Dex: 10    Spells: 26/26 levels left

rFire    + . .     SeeInvis .   v - +7 broad axe of Causality {chop, +Rage rElec Int+5}
rCold    + + .     Gourm    .   s - +5 large shield {rC+ rF+}
rNeg     . . .     Faith    .   T - +10 plate armour of the Bells {rElec rF- rC+}
rPois    +         Spirit   .   (helmet restricted)
rElec    +         Reflect  +   t - +2 cloak
rCorr    .         Harm     .   A - +3 pair of gauntlets of War {Slay+5}
MR       ++...     Rnd*Tele +   r - +2 pair of boots {run}
Stlth    ..........             C - +6 amulet of reflection
HPRegen  0.52/turn              P - ring of Koerijar {MP+9 Slay+6}
MPRegen  0.31/turn              B - ring "Reph" {rElec rPois Slay+6}

@: protected from electricity, hasted and slowed, repel missiles, quick
A: hooves 1, horns 1, blurry vision 1, clumsy 1, dopey 2, fire resistance 1,
sense surroundings 1, screaming 1, teleportitis 1, no potion heal 1
}: 4/15 runes: serpentine, barnacled, silver, fiery
a: Upheaval, Elemental Force, Disaster Area, Renounce Religion, Evoke Berserk
Rage


You were on level 1 of the Realm of Zot.
You worshipped Qazlal.
Qazlal was exalted by your worship.
You were full.

You visited 10 branches of the dungeon, and saw 46 of its levels.
You visited Pandemonium 1 time, and saw 3 of its levels.
You visited the Abyss 1 time.
You visited 1 bazaar.
You also visited: Labyrinth, Trove, Ice Cave and Volcano.

You collected 8172 gold pieces.
You spent 5135 gold pieces at shops.

Inventory:

Hand Weapons
 a - the +8 hand axe of Tuqug {chop, +Rage rN+ MR++}
   (You bought it in a shop on level 2 of the Orcish Mines)

   It inflicts extra damage upon your enemies.
   It protects you from negative energy.
   It affects your resistance to hostile enchantments.
   It lets you go berserk.
 b - the +6 demon whip "Xamuol" {flame, Str+6 SInv Stlth+}
   (You took it off a deep elf demonologist on level 3 of the Elven Halls)

   It has been specially enchanted to burn those struck by it, causing extra
   injury to most foes and up to half again as much damage against particularly
   susceptible opponents.
   It affects your strength (+6).
   It lets you see invisible.
   It makes you more stealthy.
 l - a +6 sacred scourge of holy wrath
 v - the +7 broad axe of Causality (weapon) {chop, +Rage rElec Int+5}
   (You found it in Pandemonium)

   It inflicts extra damage upon your enemies.
   It affects your intelligence (+5).
   It insulates you from electricity.
   It lets you go berserk.
Armour
 r - a +2 pair of boots of running (worn)
 s - a +5 large shield of resistance (worn)
 t - a +2 cloak (worn)
 A - the +3 pair of gauntlets of War (worn) {Slay+5}
   (You bought it in a shop on level 2 of the Orcish Mines)

   It affects your accuracy and damage with ranged weapons and melee attacks
   (+5).
 F - the cursed +0 helmet of Lazugoot {rF+, unknown}
   (You found it on level 3 of the Depths)

   It protects you from fire.
   It has a curse placed upon it.
 G - a +0 troll leather armour
 T - the +10 plate armour of the Bells (worn) {rElec rF- rC+}
   (You found it on level 2 of the Snake Pit)

   It makes you vulnerable to fire.
   It protects you from cold.
   It insulates you from electricity.
Jewellery
 c - the amulet of the Four Winds {rN+ MR+++ Clar}
   (You found it in a treasure trove)

   [amulet of nothing]

   It protects you from negative energy.
   It affects your resistance to hostile enchantments.
   It protects you against confusion.
 d - the ring "Putexkeos" {rElec rPois rN+++ MR+ Slay-2}
   (You took it off a vault warden on level 5 of the Vaults)

   [ring of poison resistance]

   It affects your accuracy and damage with ranged weapons and melee attacks
   (-2).
   It insulates you from electricity.
   It protects you from poison.
   It renders you almost immune to negative energy.
   It affects your resistance to hostile enchantments.
 m - an uncursed ring of protection from cold {unknown}
 w - the ring "Gegoegic" {rElec rN+ Str+6 Int+2 Stlth+, unknown}
   (You found it in a treasure trove)

   [ring of positive energy]

   It affects your strength (+6).
   It affects your intelligence (+2).
   It insulates you from electricity.
   It protects you from negative energy.
   It makes you more stealthy.
 y - the ring "Rukyurr" {+Fly rC++}
   (You found it in a labyrinth)

   [ring of flight]

   It greatly protects you from cold.
   It lets you fly.
 B - the ring "Reph" (right hand) {rElec rPois Slay+6}
   (You found it on level 4 of the Dungeon)

   [ring of poison resistance]

   It affects your accuracy and damage with ranged weapons and melee attacks
   (+6).
   It insulates you from electricity.
   It protects you from poison.
 C - a +6 amulet of reflection (around neck)
 L - the ring of Leaves {MP+9 Dex+2, unknown}
   (You took it off a hell knight on level 2 of the Depths)

   [ring of magical power]

   It affects your dexterity (+2).
   It affects your magic capacity (+9).
 O - the ring "Doasui" {rPois rF+ rC+ SInv, unknown}
   (You found it in Pandemonium)

   [ring of see invisible]

   It protects you from fire.
   It protects you from cold.
   It protects you from poison.
   It lets you see invisible.
 P - the ring of Koerijar (left hand) {MP+9 Slay+6}
   (You took it off a merfolk aquamancer on level 4 of the Shoals)

   [ring of magical power]

   It affects your accuracy and damage with ranged weapons and melee attacks
   (+6).
   It affects your magic capacity (+9).
 U - the ring "Ahoph" {rPois rN+ Str+3, unknown}
   (You found it in a treasure trove)

   [ring of poison resistance]

   It affects your strength (+3).
   It protects you from poison.
   It protects you from negative energy.
 X - the ring of Dih Tosk {*Tele rC+ Dex+4, unknown}
   (You found it in a treasure trove)

   [ring of teleportation]

   It may teleport you next to monsters.
   It affects your dexterity (+4).
   It protects you from cold.
 Y - the ring "Ladotwi" {rC+ Str+4 Dex+2, unknown}
   (You found it in a treasure trove)

   [ring of protection from cold]

   It affects your strength (+4).
   It affects your dexterity (+2).
   It protects you from cold.
Wands
 e - a wand of digging (49)
 K - a wand of clouds (12)
 R - a wand of acid (14)
Scrolls
 g - 27 scrolls of teleportation
 i - 7 scrolls of immolation
 j - 30 scrolls of remove curse
 p - 2 scrolls of torment
 q - 9 scrolls of fear
 x - 5 scrolls of blinking
 J - 6 scrolls of magic mapping
 M - 4 scrolls of summoning
 S - 2 scrolls of holy word
 W - 2 scrolls of silence
Potions
 h - 17 potions of curing
 k - 4 potions of heal wounds
 n - a potion of resistance
 o - 4 potions of flight
 u - 8 potions of cancellation
 z - 7 potions of agility
 D - 6 potions of berserk rage
 E - 9 potions of might
 H - 8 potions of haste
 I - 3 potions of invisibility
 N - 2 potions of magic
Comestibles
 f - 84 rations


   Skills:
 + Level 22.6 Fighting
 + Level 22.0(24.6) Axes
 + Level 17.7(20.8) Maces & Flails
 + Level 16.7 Armour
 + Level 5.9 Dodging
 O Level 27 Shields
 O Level 27 Invocations
 + Level 1.4 Evocations


You had 26 spell levels left.
You didn't know any spells.

Dungeon Overview and Level Annotations

Branches:
Dungeon (15/15)            Temple (0/1) D:7            Lair (6/6) D:9
 Shoals (4/4) Lair:4        Snake (4/4) Lair:4        Slime (1/5) Lair:6
    Orc (2/2) D:12            Elf (3/3) Orc:2        Vaults (5/5) D:13
  Crypt (0/3) Vaults:3     Depths (5/5) D:15            Zot (1/5) Depths:5

Altars:
Ashenzari
Dithmenos
Fedhas
Gozag
Hepliaklqana
Kikubaaqudgha
Makhleb
Nemelex Xobeh
Qazlal
Ru
Trog
Uskayaw
Vehumet
Xom
Yredelemnul
Zin
Beogh

Shops:
D:7 [[=   D:8 !   D:11 (   D:12 :   Orc:2 **}(   Elf:1 !   Elf:2 [   Elf:3 (
Shoals:2 (   Snake:4 =   Vaults:4 (   Depths:5 [(

Portals:
Hell: Depths:1 Depths:2 Depths:3 Depths:4 Depths:5
Abyss: Depths:1 Depths:3 Depths:4 Depths:5
Pandemonium: Depths:3
Ziggurat: Depths:1


Innate Abilities, Weirdness & Mutations

You have large cloven feet.
You have a pair of small horns on your head.
Scrolls take you a little longer to read.
You are clumsy. (Dex -2)
You are very dopey. (Int -4)
Your flesh is heat resistant. (rF+)
You passively map a small area around you.
You occasionally shout uncontrollably at your foes.
You are occasionally teleported next to monsters.
Potions are less effective at restoring your health.


Message History

The golden dragon resists.
The bolt of lightning hits you! You resist.
Your resistance to physical damage fades away.
You feel protected from electricity.
* * * LOW HITPOINT WARNING * * *
The golden dragon is engulfed in blazing flames.
You block the golden dragon's attack. x3
You slash the golden dragon!
The golden dragon is almost dead.
Unknown command.
You slice the golden dragon!!
You kill the golden dragon!
Qazlal accepts your kill.
The gold dragon scales are intact enough to wear.
Your base Axes skill increases to level 22!
You slice the electric golem!!
You destroy the electric golem!
Qazlal accepts your kill.
The storm dragon breathes lightning at you.
The bolt of lightning hits you! You resist.
You die...

.#.#.#.# .......# * , ...
.#)#.#.# ### *, , ,..., *
.......######.. ,* ....
.)...........# * *.....
..)..).......## #######...D.
,
...[..........###.§.........
,
..............§§§§..†).....[
....##.........§@[...D....#
,
....#####.......§.....#####
...## ####..§.......# , ####
############


You could see a storm dragon.

Vanquished Creatures
  Cerebov (Pan)
  A pandemonium lord (Pan)
  Mennas (Vaults:2)
  4 ancient liches
  Mara (Elf:3)
  A juggernaut (Depths:5)
  Margery (Vaults:2)
  Frederick (Vaults:4)
  5 golden dragons
  the Enchantress (Depths:4)
  Saint Roka (Snake:2)
  Nikola (Vaults:2)
  Jory (Vaults:5)
  6 liches
  A Brimstone Fiend (Pan)
  2 electric golems (Zot:1)
  A Tzitzimitl (Pan)
  8 tentacled monstrosities
  A Hell Sentinel (Pan)
  Asterion (Snake:3)
  A quicksilver dragon (Zot:1)
  6 deep elf blademasters (Elf:3)
  2 titans (Vaults:5)
  3 deep elf master archers (Elf:3)
  5 death cobs (Zot:1)
  5 shadow dragons
  2 tentacled starspawn (Abyss:3)
  6 storm dragons
  5 sphinxes
  Donald (Elf:1)
  Agnes (Snake:2)
  3 tengu reavers
  Kirke (D:12)
  Ilsuiw (Shoals:4)
  Roxanne (Shoals:2)
  11 nagarajas
  An orc warlord (Orc:2)
  11 fire giants
  8 frost giants
  3 corrupters (Pan)
  6 deep elf sorcerers
  A draconian scorcher (Depths:5)
  13 balrugs (Pan)
  A black sun (Pan)
  Aizul (Snake:3)
  11 vault wardens
  2 ghouls
  A draconian shifter (Zot:1)
  A warmonger (Pan)
  A ghost moth (Zot:1)
  3 cacodemons (Pan)
  5 draconian stormcallers
  6 deep elf elementalists
  8 ironheart preservers
  6 spriggan defenders
  5 reapers (Pan)
  Louise (Shoals:2)
  22 very ugly things
  6 caustic shrike skeletons (Depths:4)
  A blood saint (Pan)
  A war gargoyle (Vaults:4)
  23 stone giants
  An entropy weaver (shapeshifter) (Elf:3)
  A red draconian (Zot:1)
  An entropy weaver (Vaults:4)
  4 black draconians
  3 green draconians
  9 deep elf annihilators
  6 deep elf demonologists
  8 lorocyprocas (Pan)
  A white draconian (Zot:1)
  A yellow draconian (Zot:1)
  A dire elephant (D:15)
  2 spark wasps
  A dire elephant (shapeshifter) (Depths:2)
  7 deep elf death magi
  8 ettins
  A green death (Pan)
  12 merfolk impalers
  2 blizzard demons (Pan)
  3 merfolk javelineers
  A minotaur (Lab)
  Josephine (D:12)
  3 deep elf high priests
  Snorg (D:10)
  16 fire dragons
  6 great orbs of eyes
  28 vault guards
  19 yaktaur captains
  8 hydras
  3 rakshasas
  Harold (D:12)
  A hell beast (Depths:1)
  14 naga warriors
  A monstrous demonspawn (Pan)
  12 ice dragons
  2 catoblepae (Lair:6)
  The ghost of Dommiel19 the Fencer, a journeyman TeBe of Trog (D:11)
  9 spriggan air magi
  A merfolk avatar (Shoals:4)
  6 death knights
  The ghost of Holzbalken the Basher, a journeyman DsMo of Qazlal (D:10)
  An alligator snapping turtle (Shoals:3)
  10 centaur warriors
  A juggernaut simulacrum (Depths:2)
  8 tengu warriors
  28 dancing weapons
  29 two-headed ogres
  7 merfolk aquamancers
  12 anacondas
  12 ogre magi
  A satyr (Shoals:4)
  10 deep troll earth magi
  21 death yaks
  10 deep troll shamans
  An alligator (shapeshifter) (Vaults:5)
  9 shock serpents
  A soul eater (Pan)
  3 thrashing horrors (Abyss:3)
  6 hell knights
  4 orc high priests (Orc:2)
  23 naga sharpshooters
  10 spriggan berserkers
  6 iron trolls
  Nergalle (D:10)
  22 deep elf knights
  2 shadow wraiths
  17 sun demons (Pan)
  A wretched star (Abyss:3)
  A fire crab (Lair:6)
  4 small abominations
  2 death drakes (shapeshifter)
  3 sixfirhies (Pan)
  3 skeletal warriors (D:15)
  A salamander mystic (Snake:4)
  7 spriggan druids (Depths:4)
  2 unseen horrors
  8 flayed ghosts
  5 glowing orange brains
  An infernal demonspawn (Pan)
  An unseen horror (shapeshifter) (Vaults:5)
  17 sea snakes
  30 deep trolls
  5 gelid demonspawn (Pan)
  A shadow demon (Pan)
  3 wizards
  A swamp dragon (Abyss:3)
  12 ironbrand convokers
  12 deep elf archers
  A tengu zombie (Depths:2)
  An obsidian statue (Vaults:2)
  5 naga ritualists
  3 torturous demonspawn (Pan)
  2 tengu skeletons (Depths:2)
  5 phantasmal warriors
  A lindwurm (Lair:6)
  7 necromancers
  A golden dragon skeleton (Depths:2)
  A wolf spider zombie (D:14)
  6 mana vipers
  An iron dragon zombie (Depths:2)
  The ghost of hal2100 the Quickloader, a novice KoHu of Hepliaklqana (D:8)
  30 harpies
  6 wolf spiders
  A harpy (shapeshifter) (Vaults:4)
  17 orc knights
  20 manticores
  5 orc sorcerers
  59 deep elf magi
  6 cyclopes
  28 ugly things
  A sphinx skeleton (Depths:2)
  8 fauns
  A salamander (shapeshifter) (Elf:3)
  9 salamanders
  A shadow dragon skeleton (Depths:2)
  A faun (shapeshifter) (Vaults:5)
  An elephant (shapeshifter) (Vaults:4)
  3 elephants
  A frost giant skeleton (Depths:2)
  3 ice statues
  A moth of wrath (Zot:1)
  An apocalypse crab (Abyss:3)
  14 naga magi
  10 water nymphs
  Maurice (Orc:2)
  9 merfolk sirens
  8 guardian serpents
  4 centaur skeletons
  10 orange demons (Pan)
  15 vault sentinels
  2 rust devils
  47 black mambas
  2 smoke demons
  A kobold demonologist (D:13)
  4 spiny frogs
  58 yaktaurs
  2 tormentors (Pan)
  A hellion (Pan)
  5 rime drakes
  6 freezing wraiths
  11 red devils
  10 komodo dragons
  7 efreet (Pan)
  A tengu conjurer (Depths:2)
  9 ice devils
  34 merfolk
  A troll (shapeshifter) (Depths:3)
  7 trolls
  A meliai (shapeshifter) (Vaults:1)
  20 hornets
  6 wind drakes
  9 blink frogs
  29 slime creatures
  2 dream sheep (Lair:6)
  A meliai zombie (D:12)
  11 snapping turtles
  9 large abominations
  15 hippogriffs
  A raiju (Abyss:3)
  A tarantella (shapeshifter) (Depths:3)
  A redback (Vaults:5)
  3 spriggans (shapeshifter)
  4 shadows
  5 ynoxinuls (Pan)
  A vampire (D:13)
  41 spriggans (Depths:4)
  40 water elementals
  13 wraiths
  4 air elementals
  A spriggan skeleton (Depths:4)
  34 yaks
  A fire bat (shapeshifter) (Vaults:4)
  2 wyverns
  A human (shapeshifter) (D:13)
  3 basilisks
  3 fire elementals
  2 hogs (D:12)
  4 hungry ghosts
  A golden eye (shapeshifter) (Vaults:2)
  4 neqoxecs (Pan)
  Eustachio (D:5)
  2 humans (D:12)
  2 chaos spawn (Pan)
  5 wargs
  62 nagas
  An acid dragon (Vaults:1)
  A swamp worm (shapeshifter) (Vaults:1)
  13 water moccasins
  A floating eye (Depths:3)
  A floating eye (shapeshifter) (Elf:2)
  4 hell hounds (Volcano)
  6 porcupines
  Duvessa (D:7)
  2 water moccasins (shapeshifter)
  41 orc warriors
  19 ice beasts
  4 sky beasts
  An ice beast (shapeshifter) (Vaults:4)
  An eye of draining (shapeshifter) (Depths:4)
  2 black bears (D:7)
  A necrophage (D:10)
  22 ogres
  25 wolves
  A phantom (D:7)
  11 boggarts
  12 centaurs
  11 crocodiles
  16 bullfrogs
  2 big kobolds
  4 elf zombies (Elf:1)
  A gnoll sergeant (D:8)
  A water moccasin zombie (D:8)
  Dowan (D:7)
  5 earth elementals
  A hornet simulacrum (Vaults:1)
  A wyvern skeleton (D:8)
  4 scorpions
  39 killer bees
  3 howler monkeys
  9 wights
  2 electric eels
  4 crimson imps
  3 bullfrog zombies
  A quasit (D:10)
  5 centaur zombies
  16 jellies
  A gnoll shaman (Orc:2)
  10 hounds
  Crazy Yiuf (D:3)
  3 bullfrog skeletons
  22 orc priests
  37 orc wizards
  8 worker ants
  5 iguanas
  A killer bee zombie (D:7)
  A hound zombie (D:6)
  3 hound skeletons
  2 worker ant zombies
  Robin (D:3)
  23 adders
  15 gnolls
  2 shadow imps
  5 ufetubi
  An ooze (D:3)
  2 adder zombies
  An adder skeleton (D:8)
  2 worms
  5 leopard geckos
  102 orcs
  2 ball pythons (D:3)
  5 bats
  6 giant cockroaches
  12 goblins
  10 hobgoblins
  2 jackals (D:3)
  15 kobolds
  2 quokkas
  A ball python skeleton (D:6)
  6 frilled lizards
  A jackal skeleton (D:4)
  A leopard gecko zombie (D:6)
  A quokka zombie (D:6)
  A rat (D:3)
  4 crawling corpses (Vaults:5)
  9 plants (Depths:1)
  2 starspawn tentacles (Abyss:3)
2318 creatures vanquished.

Vanquished Creatures (collateral kills)
  A merfolk javelineer (Shoals:4)
  A merfolk impaler (Shoals:4)
  An orc knight (Orc:2)
  An orc warrior (Orc:2)
  An ogre (Orc:2)
  A howler monkey (D:9)
  4 orcs
10 creatures vanquished.

Vanquished Creatures (others)
  Vashnia (Snake:2)
  2 deep elf master archers (Elf:3)
  An ancient champion (Depths:2)
  3 stone giants
  A deep elf death mage (Elf:1)
  A fire dragon (Depths:1)
  6 yaktaur captains
  An anaconda (Snake:4)
  5 centaur warriors
  A satyr (Abyss:3)
  A deep troll shaman (Depths:2)
  2 merfolk aquamancers (Shoals:4)
  A dancing weapon (Elf:2)
  3 naga sharpshooters
  3 deep elf archers
  3 deep elf magi
  A mana viper (Snake:2)
  4 fauns
  2 cyclopes
  23 yaktaurs
  3 merfolk
  A blink frog (Lair:6)
  An air elemental (Depths:3)
  A chaos spawn (Pan)
  A boggart (Depths:1)
  8 centaurs
  2 orc priests (Orc:2)
  2 ufetubi (D:12)
  2 orcs
  2 kobolds
  A fire vortex (Lair:4)
  6 fungi (Lair:6)
  20 plants
  2 starspawn tentacles (Abyss:3)
117 creatures vanquished.

Grand Total: 2445 creatures vanquished

Notes
Turn   | Place    | Note
-------+----------+-------------------------------------------
     0 | D:1      | Lokiki the Hill Orc Fighter began the quest for the Orb.
     0 | D:1      | Reached XP level 1. HP: 19/19 MP: 1/1
   344 | D:1      | Reached XP level 2. HP: 27/27 MP: 2/2
   594 | D:2      | Reached XP level 3. HP: 30/33 MP: 3/3
   792 | D:2      | Found a blossoming altar of Fedhas.
  1029 | D:3      | Noticed Robin
  1035 | D:3      | Noticed a bullfrog
  1035 | D:3      | Reached XP level 4. HP: 34/40 MP: 4/4
  1041 | D:3      | Killed a bullfrog
  1041 | D:3      | Reached XP level 5. HP: 16/47 MP: 5/5
  1043 | D:3      | Killed Robin
  1264 | D:3      | Reached skill level 5 in Axes
  1566 | D:3      | Reached XP level 6. HP: 52/53 MP: 6/6
  1917 | D:3      | Found a runed door.
  2034 | D:3      | Noticed Crazy Yiuf
  2043 | D:3      | Killed Crazy Yiuf
  2105 | D:3      | Found a stormy altar of Qazlal.
  2270 | D:3      | Became a worshipper of Qazlal Stormbringer
  2414 | D:4      | Found an opulent altar of Gozag.
  2491 | D:4      | Found a radiant altar of Vehumet.
  2576 | D:4      | Noticed an ice beast
  2594 | D:4      | Killed an ice beast
  2594 | D:4      | Reached skill level 1 in Dodging
  2617 | D:4      | Reached skill level 5 in Shields
  2617 | D:4      | Reached XP level 7. HP: 55/60 MP: 7/7
  2883 | D:4      | Got a sparkling golden ring
  3152 | D:5      | Entered Level 5 of the Dungeon
  3338 | D:5      | Reached skill level 1 in Invocations
  3356 | D:5      | Reached * piety under Qazlal
  3356 | D:5      | Reached skill level 5 in Fighting
  3448 | D:5      | Noticed Eustachio
  3480 | D:5      | Reached skill level 5 in Armour
  3518 | D:5      | Killed Eustachio
  3518 | D:5      | Reached XP level 8. HP: 22/68 MP: 7/9
  4637 | D:6      | Reached skill level 1 in Maces & Flails
  4671 | D:6      | Identified the ring "Reph" {rElec rPois Slay+6} (You found it on level 4 of the Dungeon)
  4947 | D:6      | Found a shattered altar of Ashenzari.
  4947 | D:6      | Found a sacrificial altar of Ru.
  4947 | D:6      | Found a burning altar of Makhleb.
  4947 | D:6      | Found an ancient bone altar of Kikubaaqudgha.
  5336 | D:7      | Found Vool Wua's Armour Emporium.
  5373 | D:7      | Bought a +2 pair of boots for 231 gold pieces
  5385 | D:7      | Noticed Duvessa
  5387 | D:7      | Noticed Dowan
  5398 | D:7      | Killed Duvessa
  5399 | D:7      | Killed Dowan
  5413 | D:7      | Reached XP level 9. HP: 72/74 MP: 10/12
  5448 | D:7      | Reached ** piety under Qazlal
  5515 | D:7      | Found Ripar's Antique Armour Shoppe.
  5583 | D:7      | Found a staircase to the Ecumenical Temple.
  5633 | D:7      | Reached skill level 5 in Maces & Flails
  5706 | D:7      | Found Yssunean's Jewellery Emporium.
  5714 | D:7      | Reached skill level 5 in Invocations
  5785 | D:7      | Found the +5 scythe "Finisher" {speed, Str+3}
  6180 | D:8      | Noticed hal2100's ghost (novice KoHu)
  6187 | D:8      | Killed hal2100's ghost
  6187 | D:8      | Reached XP level 10. HP: 77/84 MP: 14/14
  6220 | D:8      | Reached *** piety under Qazlal
  6300 | D:8      | Noticed a two-headed ogre
  6308 | D:8      | Killed a two-headed ogre
  6641 | D:8      | Found a basalt altar of Yredelemnul.
  6641 | D:8      | Found Qoyx's Distillery.
  6649 | D:8      | Bought a potion of berserk rage for 70 gold pieces
  6649 | D:8      | Bought a potion of lignification for 42 gold pieces
  6649 | D:8      | Bought a potion of brilliance for 56 gold pieces
  6649 | D:8      | Bought a potion of degeneration for 14 gold pieces
  6712 | D:8      | Found a sparkling altar of Nemelex Xobeh.
  6929 | D:8      | Found a hazy altar of Hepliaklqana.
  6930 | D:8      | Found a shimmering altar of Xom.
  6932 | D:8      | Found a glowing silver altar of Zin.
  6935 | D:8      | Found a shadowy altar of Dithmenos.
  6963 | D:9      | Found a hide-covered altar of Uskayaw.
  6989 | D:9      | Noticed a hand axe
  6989 | D:9      | Noticed a dagger
  6992 | D:9      | Noticed a two-headed ogre
  6995 | D:9      | Noticed a death yak
  7001 | D:9      | Noticed an elephant
  7010 | D:9      | Killed a death yak
  7026 | D:9      | Killed an elephant
  7027 | D:9      | Killed a two-headed ogre
  7027 | D:9      | Reached XP level 11. HP: 37/92 MP: 13/16
  7361 | D:9      | Reached **** piety under Qazlal
  7373 | D:9      | Got a fine long sword {antimagic}
  7374 | D:9      | Identified the +8 long sword of Magnificence {antimagic, Str+2 Stlth+} (You took it off an orc on level 9 of the Dungeon)
  7606 | D:9      | Found a staircase to the Lair.
  7622 | D:9      | Found a roughly hewn altar of Beogh.
  7703 | D:9      | Noticed a two-headed ogre
  7717 | D:9      | Killed a two-headed ogre
  7928 | D:10     | Entered Level 10 of the Dungeon
  7979 | D:10     | Noticed Nergalle
  7995 | D:10     | Killed Nergalle
  8066 | D:10     | Noticed Holzbalken's ghost (journeyman DsMo)
  8086 | D:10     | Killed Holzbalken's ghost
  8086 | D:10     | Reached skill level 10 in Maces & Flails
  8217 | D:10     | Noticed a two-headed ogre
  8227 | D:10     | Killed a two-headed ogre
  8227 | D:10     | Reached skill level 10 in Shields
  8416 | D:10     | Noticed Snorg
  8424 | D:10     | Killed Snorg
  8810 | D:11     | Noticed a green ugly thing
  8818 | D:11     | Killed a green ugly thing
  8818 | D:11     | Reached XP level 12. HP: 101/101 MP: 19/19
  8891 | D:11     | Found Riveziah's Antique Weapon Emporium.
  8908 | D:11     | Reached ***** piety under Qazlal
  9014 | D:11     | Noticed a seven-headed hydra
  9027 | D:11     | Killed a seven-headed hydra
  9027 | D:11     | Reached skill level 10 in Invocations
  9029 | D:11     | Noticed a two-headed ogre
  9036 | D:11     | Noticed Dommiel19's ghost (journeyman TeBe)
  9038 | D:11     | Killed a two-headed ogre
  9051 | D:11     | Killed Dommiel19's ghost
  9486 | D:12     | Noticed Kirke
  9528 | D:12     | Killed Kirke
  9666 | D:12     | Got a warped quarterstaff
  9668 | D:12     | Identified the +3 quarterstaff of Capital Punishment {vamp, *Noise Int+7} (You found it on level 12 of the Dungeon)
  9697 | D:12     | Noticed Harold
  9722 | D:12     | Killed Harold
  9978 | D:12     | Found Baakhlesu's Book Emporium.
 10091 | D:12     | Noticed Josephine
 10099 | D:12     | Killed Josephine
 10119 | D:12     | Reached XP level 13. HP: 108/108 MP: 21/21
 10682 | D:12     | Found a staircase to the Orcish Mines.
 11443 | D:13     | Reached ****** piety under Qazlal
 11452 | D:13     | Found a gate to the Vaults.
 12486 | D:15     | Entered Level 15 of the Dungeon
 12528 | D:15     | Noticed a dire elephant
 12535 | D:15     | Reached XP level 14. HP: 106/119 MP: 23/23
 12556 | D:15     | Killed a dire elephant
 12557 | D:15     | Reached skill level 10 in Fighting
 12789 | D:15     | Found a staircase to the Depths.
 12814 | D:15     | Found a sparkling altar of Nemelex Xobeh.
 13446 | Lair:1   | Entered Level 1 of the Lair of Beasts
 14993 | Lair:3   | Found a frozen archway.
 15002 | IceCv    | Entered an ice cave
 15173 | IceCv    | Got a glittering steel ring
 15178 | IceCv    | Identified the ring of Humiuryng {*Corrode +Fly Int+6 Stlth+} (You found it in an ice cave)
 16307 | Lair:4   | Found a staircase to the Snake Pit.
 16343 | Lair:4   | Got a brightly glowing helmet
 16354 | Lair:4   | Identified the cursed -1 helmet of the Arcane {MR+ MP+9 Dex-5} (You found it on level 4 of the Lair of Beasts)
 16678 | Lair:4   | Found a staircase to the Shoals.
 16995 | Lair:5   | Reached XP level 15. HP: 94/128 MP: 25/25
 17276 | Lair:5   | Found a basalt altar of Yredelemnul.
 17947 | Lair:6   | Entered Level 6 of the Lair of Beasts
 18000 | Lair:6   | Reached skill level 15 in Maces & Flails
 18095 | Lair:6   | Found a labyrinth entrance.
 18108 | Lab      | Entered a labyrinth
 18449 | Lab      | Got a vibrating pewter amulet
 18449 | Lab      | Got a bound granite ring
 18451 | Lab      | Identified the amulet "Feocsy" {Inacc +Blink rElec rF++ Str-2} (You found it in a labyrinth)
 18452 | Lab      | Identified the ring "Rukyurr" {+Fly rC++} (You found it in a labyrinth)
 18808 | Lair:6   | Identified a scroll of acquirement
 18831 | Lair:6   | Found a staircase to the Slime Pits.
 19208 | Lair:6   | Got a bone falchion
 19210 | Lair:6   | Identified the +3 falchion "Killer Klown's Regret" {speed, rElec rN+ Int-3 Dex+3} (You found it on level 6 of the Lair of Beasts)
 19226 | Lair:6   | Reached skill level 15 in Shields
 19618 | Orc:1    | Entered Level 1 of the Orcish Mines
 19675 | Orc:1    | Found a dark tunnel.
 19710 | Volcano  | Entered a volcano
 20269 | Orc:2    | Entered Level 2 of the Orcish Mines
 20269 | Orc:2    | Found a roughly hewn altar of Beogh.
 20434 | Orc:2    | Found Bett's General Store.
 20543 | Orc:2    | Found a staircase to the Elven Halls.
 20577 | Orc:2    | Noticed Maurice
 20582 | Orc:2    | Noticed an orc warlord
 20765 | Orc:2    | Reached skill level 10 in Armour
 20889 | Orc:2    | Killed an orc warlord
 20889 | Orc:2    | Killed Maurice
 21074 | Orc:2    | Reached skill level 15 in Invocations
 21208 | Orc:2    | Found Zadgheaxu's Antique Armour Shop.
 21208 | Orc:2    | Found Bedaoqo's General Store.
 21209 | Orc:2    | Found Asoel's Gadget Boutique.
 21212 | Orc:2    | Found Jolutugo's Antique Weapon Boutique.
 21216 | Orc:2    | Bought a bloodstained hand axe for 200 gold pieces
 21218 | Orc:2    | Bought a potion of mutation for 120 gold pieces
 21218 | Orc:2    | Bought the +3 pair of gauntlets of War {Slay+5} for 712 gold pieces
 21218 | Orc:2    | Found the +3 pair of gauntlets of War {Slay+5}
 21953 | Shoals:1 | Entered Level 1 of the Shoals
 21959 | Shoals:1 | Reached XP level 16. HP: 138/138 MP: 27/27
 22731 | Shoals:2 | Noticed Louise
 22758 | Shoals:2 | Killed Louise
 22823 | Shoals:2 | Identified the +8 hand axe of Tuqug {chop, +Rage rN+ MR++} (You bought it in a shop on level 2 of the Orcish Mines)
 22916 | Shoals:2 | Found Xogililo's Antique Weapon Emporium.
 23275 | Shoals:2 | Noticed Roxanne
 23292 | Shoals:2 | Killed Roxanne
 23977 | Shoals:3 | Got an ichor-stained scimitar {slice}
 23979 | Shoals:3 | Identified the +4 scimitar of Oromn {slice, rF+ rN+ Dex-2} (You took it off a merfolk on level 3 of the Shoals)
 24475 | Shoals:4 | Entered Level 4 of the Shoals
 24495 | Shoals:4 | Reached XP level 17. HP: 123/146 MP: 29/29
 24701 | Shoals:4 | Noticed Ilsuiw
 24720 | Shoals:4 | Killed Ilsuiw
 24855 | Shoals:4 | Got a scorched silver ring
 24882 | Shoals:4 | Identified the ring of Koerijar {MP+9 Slay+6} (You took it off a merfolk aquamancer on level 4 of the Shoals)
 25216 | Shoals:4 | Got a barnacled rune of Zot
 25689 | Snake:1  | Entered Level 1 of the Snake Pit
 25984 | Snake:1  | Reached XP level 18. HP: 145/157 MP: 30/30
 26179 | Snake:1  | Reached skill level 10 in Axes
 26488 | Snake:1  | Found a hide-covered altar of Uskayaw.
 26901 | Snake:2  | Noticed Agnes
 26909 | Snake:2  | Killed Agnes
 26912 | Snake:2  | Noticed Vashnia
 26927 | Snake:2  | Killed Vashnia
 27168 | Snake:2  | Got a shimmering plate armour
 27169 | Snake:2  | Identified the +10 plate armour of the Bells {rElec rF- rC+} (You found it on level 2 of the Snake Pit)
 27464 | Snake:3  | Noticed Aizul
 27475 | Snake:3  | Killed Aizul
 27479 | Snake:3  | Noticed Saint Roka
 27706 | Snake:2  | Killed Saint Roka
 28365 | Snake:3  | Found a basalt altar of Yredelemnul.
 28458 | Snake:3  | Noticed Asterion
 28474 | Snake:3  | Killed Asterion
 28842 | Snake:4  | Entered Level 4 of the Snake Pit
 29061 | Snake:4  | Reached XP level 19. HP: 143/165 MP: 32/32
 29261 | Snake:4  | Found Wifobof's Jewellery Shop.
 30148 | Snake:4  | Got a serpentine rune of Zot
 30358 | Snake:4  | Got a sparkling bronze ring
 30359 | Snake:4  | Identified the ring "Fuoqapho" {*Tele rPois rN+ Str-2} (You found it on level 4 of the Snake Pit)
 30827 | Elf:1    | Entered Level 1 of the Elven Halls
 30889 | Elf:1    | Noticed Donald
 30898 | Elf:1    | Killed Donald
 31023 | Elf:1    | Found Usovaef's Distillery.
 31040 | Elf:1    | Bought a potion of heal wounds for 75 gold pieces
 31040 | Elf:1    | Bought 2 potions of heal wounds for 150 gold pieces
 31040 | Elf:1    | Bought 2 potions of haste for 300 gold pieces
 31040 | Elf:1    | Bought a potion of mutation for 120 gold pieces
 31040 | Elf:1    | Bought a potion of mutation for 120 gold pieces
 31041 | Elf:1    | Gained mutation: You are frail. (-10% HP) [potion of mutation]
 31041 | Elf:1    | Gained mutation: You passively map a small area around you. [potion of mutation]
 31041 | Elf:1    | Gained mutation: You are agile. (Dex +2) [potion of mutation]
 31042 | Elf:1    | Lost mutation: You passively map a small area around you. [potion of mutation]
 31042 | Elf:1    | Lost mutation: You are frail. (-10% HP) [potion of mutation]
 31042 | Elf:1    | Gained mutation: You have large cloven feet. [potion of mutation]
 31042 | Elf:1    | Gained mutation: You have hoof-like feet. [potion of mutation]
 31042 | Elf:1    | Gained mutation: You have hooves in place of feet. [potion of mutation]
 31043 | Elf:1    | Lost mutation: You have hooves in place of feet. [potion of mutation]
 31043 | Elf:1    | Lost mutation: You have hoof-like feet. [potion of mutation]
 31043 | Elf:1    | Lost mutation: You are agile. (Dex +2) [potion of mutation]
 31043 | Elf:1    | Gained mutation: You have a pair of small horns on your head. [potion of mutation]
 31043 | Elf:1    | Gained mutation: You are agile. (Dex +2) [potion of mutation]
 31043 | Elf:1    | Gained mutation: Your flesh is heat resistant. (rF+) [potion of mutation]
 31559 | Elf:2    | Paralysed by a floating eye for 3 turns
 31589 | Elf:2    | Found Homihed's Armour Boutique.
 31624 | Elf:2    | Found a runed gate.
 31624 | Elf:2    | Found a runed gate.
 31625 | Elf:2    | Found a runed gate.
 31638 | Elf:2    | Reached XP level 20. HP: 159/174 MP: 33/33
 31990 | Elf:2    | Gained mutation: You passively map a small area around you. [a neqoxec]
 32005 | Elf:2    | Gained mutation: You are occasionally teleported next to monsters. [a neqoxec]
 32302 | Elf:3    | Entered Level 3 of the Elven Halls
 33043 | Elf:3    | Noticed Mara
 33050 | Elf:3    | Noticed Lokiki's illusion
 33072 | Elf:3    | Killed Mara
 33085 | Elf:3    | Reached skill level 15 in Fighting
 33093 | Elf:3    | Reached XP level 21. HP: 108/184 MP: 35/35
 33743 | Elf:3    | Got a warped demon whip {flame}
 33745 | Elf:3    | Identified the +6 demon whip "Xamuol" {flame, Str+6 SInv Stlth+} (You took it off a deep elf demonologist on level 3 of the Elven Halls)
 33823 | Elf:3    | Identified the Papyrus of Scorching Stolen Souls
 33881 | Elf:3    | Identified the Incunabulum of Shifting Arcane Weapons
 33983 | Elf:3    | Got a clouded amber ring
 34026 | Elf:3    | Got a pitted amber ring
 34202 | Elf:3    | Found Tiqa's Weapon Emporium.
 34718 | Vaults:1 | Entered Level 1 of the Vaults
 35490 | Vaults:1 | Identified the ring of the Ego {MR+ Stlth+} (You took it off a deep elf annihilator on level 3 of the Elven Halls)
 35492 | Vaults:1 | Identified the ring "Obulepa" {rElec rF- Str+4 Dex+6 SInv} (You found it on level 3 of the Elven Halls)
 35782 | Vaults:2 | Noticed Margery
 35801 | Vaults:2 | Killed Margery
 35815 | Vaults:2 | Cast into level 3 of the Abyss (a wizard)
 36002 | Vaults:2 | Escaped the Abyss
 36196 | Vaults:2 | Reached skill level 15 in Axes
 36223 | Vaults:2 | Noticed Nikola
 36230 | Vaults:2 | Killed Nikola
 36421 | Vaults:2 | Reached XP level 22. HP: 194/194 MP: 36/36
 36570 | Vaults:2 | Got a warped lead amulet
 36571 | Vaults:2 | Identified the amulet "Kyciusit" {Reflect rElec rPois Dex+4 SH+3 Stlth+} (You found it on level 2 of the Vaults)
 36809 | Vaults:2 | Noticed Mennas
 36829 | Vaults:2 | Killed Mennas
 37379 | Vaults:3 | Got a slimy ring mail
 37542 | Vaults:3 | Found a staircase to the Crypt.
 38958 | Vaults:4 | Found Lauwof's Antique Weapon Emporium.
 38980 | Vaults:4 | Reached XP level 23. HP: 201/203 MP: 38/38
 39319 | Vaults:5 | Entered Level 5 of the Vaults
 39319 | Vaults:5 | Noticed Frederick
 39345 | Vaults:4 | Killed Frederick
 39741 | Vaults:5 | Noticed an ancient lich
 39744 | Vaults:5 | Noticed an ancient lich
 39750 | Vaults:4 | Reached skill level 5 in Dodging
 40011 | Vaults:4 | Killed an ancient lich
 40274 | Vaults:4 | Reached XP level 24. HP: 177/214 MP: 38/38
 40286 | Vaults:4 | Killed an ancient lich
 40659 | Vaults:5 | Noticed an ancient lich
 40670 | Vaults:5 | Killed an ancient lich
 40730 | Vaults:5 | Got a glittering turquoise ring
 41099 | Vaults:5 | Got an encrusted demon blade
 41111 | Vaults:5 | Identified the +2 demon blade of Ethufant {pain, MR+} (You found it on level 5 of the Vaults)
 41113 | Vaults:5 | Identified a +2 pair of boots of running (You acquired it on level 5 of the Vaults)
 41125 | Vaults:5 | Identified the ring "Putexkeos" {rElec rPois rN+++ MR+ Slay-2} (You took it off a vault warden on level 5 of the Vaults)
 41333 | Vaults:5 | Noticed Jory
 41345 | Vaults:5 | Killed Jory
 41378 | Vaults:5 | Got a flickering granite ring
 41391 | Vaults:5 | Identified the ring of False Pretenses {rElec rN+ Int+3} (You found it on level 5 of the Vaults)
 41447 | Vaults:5 | Got a silver rune of Zot
 42010 | Slime:1  | Entered Level 1 of the Pits of Slime
 42025 | Slime:1  | Lost mutation: You are agile. (Dex +2) [a shining eye]
 42290 | Depths:1 | Entered Level 1 of the Depths
 42736 | Depths:1 | Found a gateway to Hell.
 42764 | Depths:1 | Found a portal to a secret trove of treasure.
 43204 | D:11     | Bought the +8 autumn katana {slice, Clar} for 1853 gold pieces
 43204 | D:11     | Found the +8 autumn katana {slice, Clar}
 43336 | Depths:1 | Noticed an ancient lich
 43336 | Depths:1 | Found a gateway to a ziggurat.
 43359 | Depths:1 | Killed an ancient lich
 43378 | Depths:1 | You paid a toll of the autumn katana to enter a treasure trove
 43379 | Trove    | Entered a treasure trove
 43379 | Trove    | Found the amulet of the Four Winds {rN+ MR+++ Clar}
 43387 | Trove    | Got a sparkling graven amulet
 43391 | Trove    | Got a pitted wooden ring
 43398 | Trove    | Got a coiled bronze ring
 43400 | Trove    | Got a transparent brass ring
 43403 | Trove    | Got a coiled jade ring
 43406 | Trove    | Got a shimmering iron amulet
 43432 | Trove    | Got a twitching platinum ring
 43437 | Trove    | Got a fine glass ring
 43439 | Trove    | Got a transparent marble ring
 43448 | Depths:1 | Identified the ring of the Cockroach {*Drain +Inv AC+3 Int+8} (You found it in a treasure trove)
 43691 | Depths:1 | Found a one-way gate to the infinite horrors of the Abyss.
 44132 | Depths:2 | Reached XP level 25. HP: 134/225 MP: 39/39
 44857 | Depths:1 | Identified the amulet of Tatugure {Faith Int+3 Slay+2} (You found it in a treasure trove)
 44860 | Depths:1 | Identified the amulet "Leziatif" {+Rage MR+ Dex+3} (You found it in a treasure trove)
 44985 | Depths:2 | Got a steaming wooden ring
 45138 | Depths:2 | Reached skill level 15 in Armour
 45197 | Depths:2 | Identified the ring "Jeuxaux" {Wiz rF- MP+9 Dex+5} (You found it in a treasure trove)
 45960 | Depths:3 | Found a one-way gate leading to the halls of Pandemonium.
 46025 | Depths:3 | Reached XP level 26. HP: 211/236 MP: 39/39
 46059 | Depths:3 | Paralysed by a floating eye for 4 turns
 46154 | Depths:3 | Got a heavily runed helmet
 46509 | Depths:4 | Noticed the Enchantress
 46522 | Depths:4 | Killed the Enchantress
 46526 | Depths:4 | Got faerie dragon scales
 46560 | Depths:4 | Reached skill level 27 in Shields
 47481 | Depths:4 | Found a bloodstained altar of Trog.
 47764 | Depths:5 | Entered Level 5 of the Depths
 47819 | Depths:5 | Noticed a juggernaut
 47833 | Depths:5 | Killed a juggernaut
 48218 | Depths:5 | Found Cosix's Weapon Boutique.
 48233 | Depths:5 | Reached XP level 27. HP: 248/248 MP: 40/40
 48236 | Depths:5 | Found a gateway to a bazaar.
 48278 | Depths:5 | Found Eceut's Armour Shoppe.
 48405 | Depths:5 | Found a gate to the Realm of Zot.
 48614 | Depths:5 | Identified the ring "Luphou" {*Contam rC+ Str+4 Stlth+} (You found it in a treasure trove)
 48936 | Bazaar   | Entered a bazaar
 48940 | Bazaar   | Found Waeduosu's Antique Weapon Shop.
 48948 | Bazaar   | Bought an ichor-stained hand axe for 248 gold pieces
 48948 | Bazaar   | Found Imudwoc's Antique Armour Shop.
 48959 | Bazaar   | Found Qekhler's General Store.
 48967 | Bazaar   | Bought a potion of haste for 100 gold pieces
 48967 | Bazaar   | Bought 2 potions of haste for 200 gold pieces
 48967 | Bazaar   | Bought a scroll of identify for 20 gold pieces
 48970 | Bazaar   | Found Diphia's Magic Scroll Boutique.
 48978 | Bazaar   | Bought a scroll of enchant weapon for 120 gold pieces
 48978 | Bazaar   | Bought a scroll of summoning for 152 gold pieces
 48978 | Bazaar   | Bought a scroll of magic mapping for 56 gold pieces
 48978 | Bazaar   | Bought a scroll of identify for 32 gold pieces
 48978 | Bazaar   | Bought a scroll of teleportation for 48 gold pieces
 48978 | Bazaar   | Bought a scroll of teleportation for 48 gold pieces
 48978 | Bazaar   | Bought a scroll of teleportation for 48 gold pieces
 48978 | Bazaar   | Found Kyvunext's Jewellery Boutique.
 49004 | Depths:5 | Identified the +5 hand axe of Wealth {pain, +Blink} (You bought it in a shop in a bazaar)
 49097 | Pan      | Entered Pandemonium
 49107 | Pan      | Gained mutation: You are clumsy. (Dex -2) [a neqoxec]
 49111 | Pan      | Gained mutation: You are dopey. (Int -2) [a neqoxec]
 49116 | Pan      | Noticed Nalauh the pandemonium lord
 49129 | Pan      | HP: 17/372 [something (15)]
 49135 | Pan      | HP: 8/372 [Nalauh the pandemonium lord (9)]
 49138 | Pan      | Killed Nalauh the pandemonium lord
 49151 | Pan      | Gained mutation: Scrolls take you a little longer to read. [a cacodemon]
 49181 | Pan      | HP: 5/249 [Hell Sentinel/damnation (23)]
 49197 | Pan      | Reached skill level 1 in Evocations
 49701 | Pan      | Got a warped broad axe
 49704 | Pan      | Identified the +7 broad axe of Causality {chop, +Rage rElec Int+5} (You found it in Pandemonium)
 49815 | Pan      | Gained mutation: Potions are less effective at restoring your health. [a neqoxec]
 49896 | Pan      | Entered the realm of Cerebov.
 50157 | Pan      | Noticed Cerebov
 50205 | Pan      | HP: 12/250 [hellion/damnation[Cerebov] (33)]
 50209 | Pan      | Killed Cerebov
 50522 | Pan      | Reached skill level 27 in Invocations
 50736 | Pan      | Got a bloodstained dire flail
 50787 | Pan      | Got a serpentine brass ring
 50790 | Pan      | Identified the ring "Lecuakk" {+Fly rC+ Dex+4} (You found it in Pandemonium)
 50827 | Pan      | Got a translucent jade ring
 50995 | Pan      | Got a fiery rune of Zot
 51035 | Pan      | Entered the realm of Mnoleg.
 51072 | Pan      | Gained mutation: You are very dopey. (Int -4) [a cacodemon]
 51082 | Pan      | Gained mutation: You occasionally shout uncontrollably at your foes. [a cacodemon]
 51106 | Depths:3 | Escaped Pandemonium
 51204 | Zot:1    | Entered Level 1 of the Realm of Zot
 51429 | Zot:1    | HP: 12/256 [electric golem/bolt of lightning (2)]
 51434 | Zot:1    | Killed from afar by a storm dragon

Skill      XL: |  1  2  3  4  5  6  7  8  9 10 11 12 13 14 15 16 17 18 19 20 21 22 23 24 25 26 27 |
---------------+----------------------------------------------------------------------------------+-----
Axes           | 3 4 5 6 7 8 9 12 13 14 15 16 17 18 19 22 | 22.0
Fighting       | 4 5 6 7 8 9 10 11 12 13 14 15 16 17 18 19 20 22 | 22.6
Shields        | 4 5 6 7 9 10 11 12 14 15 17 18 19 20 21 22 23 24 25 26 27 | 27.0
Armour         | 4 5 6 7 8 9 10 11 12 13 14 15 16 | 16.7
Dodging        | 1 2 3 4 5 |  5.9
Invocations    | 1 4 6 7 9 11 12 13 15 16 17 18 19 20 21 22 23 24 25 26 27 | 27.0
Maces & Flails | 3 6 9 10 12 13 14 15 16 17 | 17.7
Evocations     | 1 |  1.4

Action                   |  1- 3 |  4- 6 |  7- 9 | 10-12 | 13-15 | 16-18 | 19-21 | 22-24 | 25-27 || total
-------------------------+-------+-------+-------+-------+-------+-------+-------+-------+-------++-------
Melee: War axe           |   102 |   114 |   148 |       |       |       |       |       |       ||   364
       Morningstar       |       |       |   214 |   472 |   975 |   332 |   166 |       |       ||  2159
       Hand axe          |       |       |       |       |       |   457 |   517 |   657 |   733 ||  2364
       Headbutt          |       |       |       |       |       |       |   145 |   233 |   357 ||   735
       Kick              |       |       |       |       |       |       |   227 |   168 |       ||   395
       Broad axe         |       |       |       |       |       |       |     6 |       |   237 ||   243
       Demon whip        |       |       |       |       |       |       |   130 |   109 |   138 ||   377
       Sacred scourge    |       |       |       |       |       |       |       |    18 |    42 ||    60
Invok: Upheaval          |       |       |       |     3 |    10 |    18 |     6 |     8 |     3 ||    48
       Elemental Force   |       |       |       |     1 |     3 |     2 |       |       |       ||     6
       Disaster Area     |       |       |       |       |     1 |       |       |     1 |     4 ||     6
Evoke: Wand              |       |       |       |       |     3 |       |       |       |     2 ||     5
  Use: Potion            |     1 |       |     1 |     3 |     6 |     1 |     7 |     1 |    19 ||    39
       Scroll            |       |       |    13 |     9 |    23 |    16 |     9 |    14 |    14 ||    98
 Stab: Distracted        |       |       |       |       |       |       |       |       |     1 ||     1
  Eat: Chunk             |       |     5 |    15 |    12 |    15 |     8 |     5 |     5 |     3 ||    68
       Ration            |       |       |       |       |     8 |     5 |     5 |     6 |     7 ||    31
Armor: Scale mail        |    73 |    46 |       |       |       |       |       |       |       ||   119
       Plate armour      |       |     9 |   188 |   235 |   254 |   283 |   116 |   211 |   315 ||  1611
Dodge: Dodged            |    39 |    35 |    63 |   143 |   101 |    97 |    62 |   101 |   132 ||   773
       Deflected         |       |       |       |     5 |     7 |    31 |    18 |    13 |    13 ||    87
Block: Shield            |    72 |    75 |   390 |   646 |   448 |       |       |       |       ||  1631
       Reflection        |       |       |     9 |    30 |    24 |   239 |   179 |   151 |    81 ||   713
       Large shield      |       |       |       |       |   722 |  1440 |   959 |  1037 |  1517 ||  5675
